 Dungeon Crawl Stone Soup version 0.30-a0-137-gd8773701ce (webtiles) character file.

Game seed: 13745716837869944842

30 Lugonue the Covered (level 3, -5/23 HPs)
             Began as a Tengu Fighter on Sept 23, 2022.
             Killed by divine providence
             ... invoked by an orc priest
              (16 damage)
             ... on level 2 of the Dungeon.
             The game lasted 00:01:37 (1390 turns).

Lugonue the Covered (Tengu Fighter)                 Turns: 1390, Time: 00:01:38

Health: -5/23      AC:  7    Str: 16    XL:     3   Next: 18%
Magic:  4/4        EV:  8    Int: 10    God:
Gold:   84         SH:  4    Dex: 13    Spells: 1/2 levels left

rFire   . . .      SeeInvis .    a - +0 long sword
rCold   . . .      Faith    .    c - +0 buckler
rNeg    . . .      Spirit   .    b - +0 scale mail
rPois   .          Reflect  .    (helmet restricted)
rElec   .          Harm     .    (no cloak)
rCorr   .          Rampage  .    (no gloves)
Will    .....                    (boots unavailable)
Stlth   ..........               (no amulet)
HPRegen 0.07/turn                (no ring)
MPRegen 0.09/turn                (no ring)

@: no status effects
A: beak, talons 3
a: no special abilities


You were on level 2 of the Dungeon.
You visited 1 branch of the dungeon, and saw 2 of its levels.

You collected 84 gold pieces.

Inventory:

Hand Weapons
 a - a +0 long sword (weapon)
 e - a +1 dagger of venom
 j - a +2 vampiric short sword
Armour
 b - a +0 scale mail (worn)
 c - a +0 buckler (worn)
Scrolls
 h - a scroll of blinking {unknown}
 i - a scroll of identify {unknown}
Potions
 d - 3 potions of might
 f - a potion of brilliance {unknown}
 g - a potion of haste {unknown}


   Skills:
 + Level 3.3 Fighting
 + Level 2.5 Long Blades
 + Level 4.0 Armour
 + Level 3.1 Shields


You had one spell level left.
You knew the following spells:

 Your Spells              Type           Power      Damage    Failure   Level
a - Shock                 Conj/Air       0%         1d3       86%         1

Your spell library contained the following spells:

 Spells                   Type           Power      Damage    Failure   Level
 Magic Dart               Conj           0%         1d3       86%         1
 Searing Ray              Conj           0%         2d4       95%         2
 Flame Wave               Conj/Fire      0%         2d4       100%        4
 Fulminant Prism          Conj/Hex       0%         3d6       100%        4
 Chain Lightning          Conj/Air       0%         N/A       100%        9


Dungeon Overview and Level Annotations

Branches:
Dungeon (2/15)

Altars:


Innate Abilities, Weirdness & Mutations

You have a beak for a mouth.
You have claws for feet.


Message History

The bat hits you but does no damage. x2
You barely miss the bat. The bat hits you but does no damage. x2
You closely miss the bat. You peck the bat, but do no damage.
The bat misses you. The bat hits you but does no damage.
You slash the bat!
You kill the bat!
No target in view!
No target in view!
Found a whip, a robe and 16 gold pieces.
Found a fuming emerald potion.
You pick up a book of Conjurations and begin reading...
You add the spells Magic Dart, Searing Ray and Fulminant Prism to your library.
Okay, then.
Found a stone staircase leading down.
A hobgoblin comes into view.
The hobgoblin shouts!
You see here 16 gold pieces.
A hobgoblin is nearby!
A gnoll comes into view. It is wielding a +0 halberd.
An orc wizard comes into view. It is wielding a +0 dagger.
The gnoll shouts!
You hear a shout! x3
You block the hobgoblin's attack.
An orc comes into view. It is wielding a +0 club.
A gnoll comes into view. It is wielding a +0 flail.
You hit the hobgoblin. Your peck misses the hobgoblin.
The hobgoblin is almost dead.
The hobgoblin hits you.
You closely miss the hobgoblin. You peck the hobgoblin.
You kill the hobgoblin!
A hobgoblin comes into view.
Your Armour skill increases to level 4!
An orc priest and an orc come into view.
The orc shouts!
The hobgoblin shouts!
A gnoll comes into view. It is wielding a +0 spear.
The gnoll hits you from afar with a +0 halberd!
The orc priest mumbles some strange prayers to Beogh against you.
Beogh smites you!
Ouch! That really hurt!
You die... ...o .og

.g #.##### ..
#oo...#
....####.g...#
...>....?....#
...####...†.#
#....#.@...#
....#.......####
.....#....!..#
.......)[.$..#
.............#
.............#
.............#
..........### #
##.....##


You could see an orc priest, an orc wizard, 2 gnolls, an orc and a hobgoblin.

Vanquished Creatures
  A dart slug (D:1)
  3 ball pythons
  4 bats
  An endoplasm (D:1)
  2 goblins (D:1)
  2 hobgoblins
  3 jackals (D:1)
  2 quokkas
  2 frilled lizards (D:1)
  3 kobolds
  A rat (D:1)
24 creatures vanquished.

Notes
Turn   | Place    | Note
-------+----------+-------------------------------------------
     0 | D:1      | Lugonue the Tengu Fighter began the quest for the Orb.
     0 | D:1      | Reached XP level 1. HP: 14/14 MP: 2/2
   233 | D:1      | Reached XP level 2. HP: 12/19 MP: 3/3
   448 | D:1      | Got the Collected Works on Blows and Bruises
   467 | D:1      | Learned a level 1 spell: Shock
  1283 | D:2      | Reached XP level 3. HP: 23/23 MP: 4/4
  1389 | D:2      | Reached skill level 4 in Armour
  1390 | D:2      | Killed from afar by an orc priest

Illustrated notes

Levels and vault maps discovered:
D:1:      lightli_arrival_statue_moat, layout_basic, grunt_decor_cap,
          chequers_serial_rivers_small_a, dk_noncrumbling_3
D:2:      layout_basic, basic_altar

Skill      XL: |  1  2  3 |
---------------+----------+-----
Armour         | 4 |  4.0
Fighting       | |  3.3
Long Blades    | |  2.5
Shields        | |  3.1

Action                   || total
-------------------------++-------
Melee: Long sword        ||    54
       Kick              ||     5
       Peck              ||     9
Armor: Scale mail        ||    26
Dodge: Dodged            ||    22
Block: Buckler           ||    10

Table legend: (Time is in decaauts)
 A = Elapsed time spent in this place.
 B = Non-inter-level travel time spent in this place.
 C = Inter-level travel time spent in this place.
 D = Time resting spent in this place.
 E = Time spent auto-exploring this place.
 F = Levels seen in this place.
 G = Mean time per level.
                   A        B        C        D        E       F      G
               +--------+--------+--------+--------+--------+-----+--------+
         Total |   1408 |   1374 |     34 |      0 |   1207 |   2 |  704.0 |
       Dungeon |   1408 |   1374 |     34 |      0 |   1207 |   2 |  704.0 |
               +--------+--------+--------+--------+--------+-----+--------+

Top non-repeatable levels by time:
     D:1: 1198 daAuts
     D:2: 210 daAuts
